 Dungeon Crawl Stone Soup version 0.15-a0-1579-gd26fec2 (console) character file.

415 Money the Cleaver (level 6, -13/51 HPs)
             Began as a Hill Orc Fighter on June 19, 2014.
             Mangled by an ogre
             ... wielding a +0 giant spiked club
              (25 damage)
             ... on Level 6 of the Dungeon.
             The game lasted 00:06:15 (1328 turns).

Money the Cleaver (Hill Orc Fighter)                Turns: 1328, Time: 00:06:15

HP -13/51        AC  5     Str 21      XL: 6   Next: 92%
MP   6/6         EV  7     Int  8      God:
Gold 164         SH  9     Dex 10      Spells:  0 memorised,  5 levels left

rFire  . . .     SeeInvis +     a - +0 war axe
rCold  . . .     Clarity  .     o - +0 ring mail (curse)
rNeg   . . .     rCorr    .     c - +0 shield
rPois  .         rRot     .     (no helmet)
rElec  .         Spirit   .     (no cloak)
SustAb .         Warding  .     (no gloves)
rMut   .         Stasis   .     (no boots)
Gourm  .                        y - amulet of rage
MR     .....                    q - ring of see invisible
                                u - ring of stealth

@: exhausted, slowed, very slow, not resistant to hostile enchantments, very
unstealthy
A: no striking features
a: Evoke Berserk Rage


You were on level 6 of the Dungeon.
You were not hungry.

You visited 1 branch of the dungeon, and saw 6 of its levels.

You collected 164 gold pieces.

Inventory:

Hand weapons
 a - a +0 war axe (weapon)
Armour
 c - a +0 shield (worn)
 o - a cursed +0 ring mail (worn)
 t - a +0 chain mail
Comestibles
 b - 2 beef jerkies
 d - 2 meat rations
 j - 3 bread rations
 s - 7 fruits
 A - a chunk of hound flesh
Scrolls
 f - 4 scrolls of teleportation {unknown}
 h - a scroll of remove curse {unknown}
 i - 3 scrolls of identify {unknown}
 m - 2 scrolls of recharging {unknown}
 n - 2 scrolls of enchant armour {unknown}
 p - a scroll of fear {unknown}
 w - a scroll of random uselessness {unknown}
Jewellery
 g - an uncursed amulet of faith
 k - an uncursed ring of flight
 q - a ring of see invisible (right hand)
 u - a ring of stealth (left hand)
 y - an amulet of rage (around neck)
Potions
 e - 2 potions of might
 l - a potion of flight {unknown}
 r - a potion of cure mutation {unknown}
 v - a potion of invisibility {unknown}
 x - a potion of haste {unknown}
 z - a potion of curing


   Skills:
 - Level 3.6 Fighting
 + Level 9.4 Axes
 - Level 3.2 Armour
 - Level 3.2 Shields


You had 5 spell levels left.
You didn't know any spells.

Dungeon Overview and Level Annotations

Branches:
Dungeon (6/15)
 Temple: D:4-7

Altars:


Message History

Found 15 gold pieces.
You see here a hound corpse.
You start butchering the hound corpse.
You continue butchering the corpse.
You continue butchering the corpse. x2
You finish butchering the hound corpse.
You enjoyed that.
You see here 2 chunks of hound flesh.
A - 2 chunks of hound flesh You feel a strong urge to attack something.
You are no longer berserk.
You are exhausted.
You feel yourself slow down.
You are feeling hungry.
Eat one of 2 chunks of hound flesh? (ye/n/q/i?) This raw flesh tastes terrible.
You continue eating. x2
An adder comes into view.
An ogre comes into view. It is wielding a giant spiked club.
You hit the ogre but do no damage.
The ogre hits you with a giant spiked club!!
You die...

..############# .
........#... .# ..$.
........#..# .#...#
#.....O.#..##.#...#.
#@#........(...
#.####.#.........#.#
#..............###.####
............#.#.........
##...(#.#...............
......................##
#....#.#...###.........
.....................#
S#.#.###.............


You could see an ogre.

Vanquished Creatures
  A giant frog (D:6)
  A scorpion (D:4)
  2 hounds
  A worker ant (D:4)
  An orc wizard (D:4)
  9 adders
  A giant mite (D:4)
  An ooze (D:2)
  8 orcs
  7 bats
  3 goblins
  4 hobgoblins
  7 jackals
  2 kobolds
  2 ball pythons
  A giant cockroach (D:2)
  2 giant newts
  A hobgoblin skeleton (D:4)
  2 quokkas
  13 rats
69 creatures vanquished.

Vanquished Creatures (others)
  An orc priest (D:4)
1 creature vanquished.

Grand Total: 70 creatures vanquished

Notes
Turn   | Place    | Note
--------------------------------------------------------------
     0 | D:1      | Money, the Hill Orc Fighter, began the quest for the Orb.
     0 | D:1      | Reached XP level 1. HP: 19/19 MP: 1/1
   141 | D:2      | Reached XP level 2. HP: 20/26 MP: 2/2
   209 | D:2      | Reached skill level 4 in Axes
   302 | D:2      | Reached XP level 3. HP: 4/31 MP: 3/3
   343 | D:2      | Reached skill level 5 in Axes
   406 | D:2      | Reached XP level 4. HP: 18/39 MP: 4/4
   504 | D:3      | Reached skill level 6 in Axes
   833 | D:4      | Reached XP level 5. HP: 42/45 MP: 5/5
   847 | D:4      | Reached skill level 7 in Axes
  1030 | D:4      | Reached skill level 8 in Axes
  1030 | D:4      | Reached XP level 6. HP: 45/51 MP: 6/6
  1266 | D:5      | Entered Level 5 of the Dungeon
  1309 | D:6      | Reached skill level 9 in Axes
  1328 | D:6      | Mangled by an ogre

Action                   |  1- 3 |  4- 6 || total
-------------------------+-------+-------++-------
Melee: War axe           |    65 |   130 ||   195
 Abil: Evoke Berserk Rag |       |     2 ||     2
  Use: Potion            |     1 |       ||     1
 Stab: Sleeping          |       |     1 ||     1
